 Dungeon Crawl Stone Soup version 0.31-a0-1412-g7b7c7d10e1 (webtiles) character file.

Game seed: 2617147628370920774

21638 Conn the Fighter (level 12, -1/133 HPs)
             Began as an Oni Gladiator on Dec 26, 2023.
             Was a High Priest of Cheibriados.
             Slain by a vault guard
             ... wielding a +0 great mace
              (20 damage)
             ... on level 13 of the Dungeon.
             The game lasted 00:49:22 (15059 turns).

Conn the Fighter (Oni Gladiator)                   Turns: 15059, Time: 00:49:23

Health: -1/133     AC: 18    Str: 37    XL:     12   Next: 92%
Magic:  21/21      EV: 16    Int: 23    God:    Cheibriados [*****.]
Gold:   647        SH:  0    Dex: 26    Spells: 7/23 levels left

rFire   + + .        r - +3 mace (protect)
rCold   . . .        n - orb {light}
rNeg    . . .        f - +1 robe {rC+}
rPois   .            c - +2 hat
rElec   .            L - +0 cloak
rCorr   .            (gloves unavailable)
SInv    .            (boots unavailable)
Will    +....        m - amulet "Ximmuath" {Acrobat rF+}
Stlth   ++           z - ring of fire
HPRegen 0.42/turn    R - +4 ring of protection
MPRegen 0.17/turn

%: acrobat
@: under a protective aura, glowing, very slow
A: large, unfitting armour, horns 1, tough skin 1, double potion healing,
drunken brawling
a: Renounce Religion, Bend Time, Temporal Distortion, Slouch, Step From Time


You were on level 13 of the Dungeon.
You worshipped Cheibriados.
Cheibriados was extremely pleased with you.
You visited 2 branches of the dungeon, and saw 14 of its levels.

You collected 801 gold pieces.
You spent 154 gold pieces at shops.

Inventory:

Hand Weapons
 a - a +0 war axe of flaming
 p - a +2 battleaxe
 r - a +3 mace of protection (weapon)
 K - a +5 spectral morningstar
Missiles
 d - a throwing net
 e - 5 large rocks (quivered)
 j - 26 poisoned darts
 u - 6 darts of dispersal
 P - 6 curare-tipped darts
Armour
 b - a +0 robe
 c - a +2 hat (worn)
 f - a +1 robe of cold resistance (worn)
 n - an orb of light (worn)
 F - +0 steam dragon scales
 G - the orb of Courage {mayhem, rElec}
   (You found it on level 7 of the Dungeon)

   rElec:     It insulates you from electricity.
   Cheibriados disapproves of the use of such an item.
 L - a +0 cloak (worn)
Magical Staves
 I - the staff of Urghustro {Str+7 Conj}
   (You found it on level 7 of the Dungeon)

   [staff of conjuration]

   Base accuracy: +5 Base damage: 5 Base attack delay: 1.2 This weapon's minimum
   attack delay (0.6) is reached at skill level 12.
   Str+7:     It affects your strength (+7).
   Conj:      It increases the power of your Conjurations spells.
   It falls into the 'Staves' category.
   It is a one-handed weapon.
Jewellery
 m - the amulet "Ximmuath" (around neck) {Acrobat rF+}
   (You acquired it on level 6 of the Dungeon)

   [amulet of the acrobat]

   Acrobat:   It increases your evasion while moving and waiting.
   rF+:       It protects you from fire.
 z - a ring of fire (left hand)
 N - an amulet of reflection
 Q - a ring of flight
 R - a +4 ring of protection (right hand)
Wands
 w - a wand of roots (19)
 y - a wand of acid (13)
 A - a wand of polymorph (3)
 B - a wand of paralysis (9)
Scrolls
 h - 2 scrolls of fog
 i - 3 scrolls of poison
 o - a scroll of noise
 v - 2 scrolls of teleportation
 x - 4 scrolls of fear
 M - a scroll of butterflies
 O - a scroll of immolation
Potions
 g - a potion of might
 k - a potion of brilliance
 l - a potion of magic
 q - 2 potions of mutation
 s - a potion of berserk rage
 t - a potion of enlightenment
 D - a potion of resistance
 E - 2 potions of haste
 H - a potion of curing
 J - 3 potions of attraction


   Skills:
 + Level 12.5 Fighting
 - Level 4.0(6.0) Axes
 - Level 6.8(7.7) Maces & Flails
 - Level 3.1(5.3) Staves
 - Level 6.5 Throwing
 + Level 7.4 Dodging
 + Level 4.1 Stealth
 * Level 6.4 Spellcasting
 * Level 5.4 Conjurations
 * Level 3.4 Air Magic
 * Level 4.1 Earth Magic
 * Level 5.2 Alchemy
 + Level 6.0 Invocations


You had 7 spell levels left.
You knew the following spells:

 Your Spells              Type           Power      Damage    Failure   Level
a - Irradiate             Conj/Alch      16%        3d17      26%         5
b - Petrify               Alch/Erth      29%        N/A       12%         4
c - Mephitic Cloud        Conj/Alch/Air  29%        N/A       3%          3
d - Dispel Undead         Necr           7%         3d8       63%         4

Your spell library contained the following spells:

 Spells                   Type           Power      Damage    Failure   Level
 Mercury Vapours          Alch/Air       54%        N/A       1%          2
 Kiss of Death            Conj/Necr      76%        2d11      2%          1
 Necrotise                Necr           28%        1d5       9%          1
 Sublimation of Blood     Necr           7%         N/A       12%         2
 Confusing Touch          Hex            7%         N/A       24%         3
 Freezing Cloud           Conj/Ice/Air   10%        6-21      54%         5


Dungeon Overview and Level Annotations

Branches:
Dungeon (13/15)            Temple (1/1) D:6            Lair (0/5) D:9
    Orc (0/2) D:9          Vaults (0/5) D:13

Altars:
Ashenzari
Cheibriados
Dithmenos
Elyvilon
Fedhas
Gozag
Hepliaklqana
Kikubaaqudgha
Makhleb
Nemelex Xobeh
Okawaru
Qazlal
Ru
Sif Muna
Trog
Uskayaw
Vehumet
Wu Jian
Xom
Yredelemnul
Zin
The Shining One

Shops:
D:9 ?   D:10 (


Innate Abilities, Weirdness & Mutations

You are too large for most types of armour.
You have a pair of small horns on your head.
You have tough skin. (AC +1)
You gain doubled healing and magic from potions.
Whenever you drink a healing potion, you attack all around you.


Message History

You sock the vault guard!
The vault guard is severely wounded.
The vault guard hits you with a +0 great mace!
The vault guard hits you with a +3 battleaxe!
You sock the vault guard!
You headbutt the vault guard, but do no damage.
The vault guard is almost dead.
The vault guard barely misses you.
The vault guard hits you with a +3 battleaxe!
You barely miss the vault guard. You headbutt the vault guard!
The vault guard is almost dead.
The vault guard hits you with a +0 great mace.
The vault guard hits you with a +3 battleaxe!!
You hit the vault guard.
The vault guard is almost dead.
The vault guard hits you with a +0 great mace.
The vault guard hits you with a +3 battleaxe!!
* * * LOW HITPOINT WARNING * * *
You barely miss the vault guard. Your headbutt misses the vault guard.
The vault guard is almost dead.
The vault guard hits you with a +0 great mace!
* * * LOW HITPOINT WARNING * * *
The vault guard hits you with a +3 battleaxe!
* * * LOW HITPOINT WARNING * * *
You take a swig of the potion and twirl your +3 mace of protection.
You hit the vault guard but do no damage.
The vault guard is almost dead.
You barely miss the vault guard. You headbutt the vault guard!
The vault guard is lightly wounded.
You savour every drop.
You feel better.
The vault guard hits you with a +0 great mace.
* * * LOW HITPOINT WARNING * * *
The vault guard closely misses you.
Throw: 6 large rocks
Press: ? - help, Q - select action, (/) - cycle Shift-Dir - straight line, f/p - vault guard
Aim: a vault guard, wielding a +3 battleaxe and wearing a +0 plate armour (almost dead, haloed, 84% to hit)
You throw a large rock.
The large rock completely misses the vault guard.
The vault guard hits you with a +0 great mace!!
You die...

.....(......##
.............#
.?..(.......#
#......#..#
###.(.##).######
##)##..#.....##
###(.#....P.P..##
#.###.#)().(.....P..##
#....@p(#รท#.P........#
#....p...#....P.8.....#
##[........#.P........#
#............P...P...#
#.............P.P....#
#....................##
......................#
................##...##
....#....#.###


You could see 2 vault guards.

Vanquished Creatures
  5 vault guards (D:13)
  3 centaur warriors (D:13)
  A death knight (D:11)
  A two-headed ogre (D:10)
  Pikel (D:8)
  An ugly thing (D:11)
  3 cyclopes
  A manticore (D:12)
  A meliai (shapeshifter) (D:13)
  4 gargoyles
  2 unseen horrors
  A rime drake (D:9)
  An efreet (D:13)
  A freezing wraith (D:11)
  A troll (D:10)
  The ghost of James the Ruffian, an amateur TrGl (D:4)
  A hornet (D:9)
  Prince Ribbit (D:7)
  4 slime creatures (D:12)
  Sigmund (D:2)
  9 yaks
  A wyvern (D:9)
  5 wraiths
  Grum (D:8)
  A basilisk (D:12)
  2 steam dragons
  2 vampire mosquitoes (D:13)
  2 water moccasins
  9 orc warriors
  A black bear (D:7)
  3 sky beasts
  8 ice beasts
  8 wolves
  2 centaurs
  5 ogres
  The ghost of Swomperka the Basher, an amateur GnWn of Cheibriados (D:3)
  2 lemures (D:7)
  A kobold brigand (D:7)
  5 bullfrogs
  2 gnoll sergeants
  4 scorpions
  5 wights (D:8)
  2 howler monkeys
  A jelly (D:5)
  2 bombardier beetles (D:6)
  4 hounds
  A gnoll bouda (D:9)
  4 iguanas
  5 orc priests
  An iron imp (D:3)
  A sleepcap (D:6)
  15 orc wizards
  16 gnolls
  10 adders
  A white imp (D:6)
  4 ufetubi
  4 worms
  4 dart slugs
  53 orcs
  7 ball pythons
  6 endoplasms
  5 giant cockroaches
  2 hobgoblins (D:1)
  4 jackals (D:1)
  4 quokkas
  6 bats
  4 frilled lizards
  12 goblins
  10 kobolds
  3 rats
305 creatures vanquished.

Vanquished Creatures (others)
  A human (D:8)
1 creature vanquished.

Grand Total: 306 creatures vanquished

Notes
Turn   | Place    | Note
-------+----------+-------------------------------------------
     0 | D:1      | Conn the Oni Gladiator began the quest for the Orb.
     0 | D:1      | Reached XP level 1. HP: 22/22 MP: 1/1
   149 | D:1      | Reached XP level 2. HP: 25/29 MP: 2/2
   150 | D:1      | Reached skill level 3 in Fighting
   297 | D:1      | Reached XP level 3. HP: 32/37 MP: 3/3
   936 | D:2      | Noticed Sigmund
   943 | D:2      | Killed Sigmund
   944 | D:2      | Reached skill level 4 in Fighting
   944 | D:2      | Reached XP level 4. HP: 46/49 MP: 4/4
   944 | D:2      | Reached XP level 5. HP: 52/55 MP: 5/5
   954 | D:2      | Found a hide-covered altar of Uskayaw.
  1833 | D:3      | Found a faded altar of an unknown god.
  1897 | D:3      | Reached XP level 6. HP: 58/63 MP: 6/6
  1937 | D:3      | Found a runed translucent door.
  1940 | D:3      | Noticed Swomperka's ghost (amateur GnWn)
  1971 | D:4      | HP: 2/63 [bullfrog (2)]
  1974 | D:4      | Reached skill level 1 in Maces & Flails
  1988 | D:4      | Reached skill level 5 in Fighting
  2132 | D:4      | Found a runed translucent door.
  2134 | D:4      | Noticed James's ghost (amateur TrGl)
  2163 | D:4      | Killed James's ghost
  2164 | D:4      | Reached skill level 6 in Fighting
  2164 | D:4      | Reached XP level 7. HP: 53/75 MP: 7/7
  2979 | D:3      | Found a snail-covered altar of Cheibriados.
  2989 | D:3      | Became a worshipper of Cheibriados the Contemplative
  3085 | D:3      | Killed Swomperka's ghost
  3086 | D:3      | Reached XP level 8. HP: 60/84 MP: 8/8
  3511 | D:5      | Entered Level 5 of the Dungeon
  3522 | D:5      | Reached skill level 7 in Fighting
  3709 | D:5      | Found a broken altar of Ashenzari.
  4106 | D:5      | Reached * piety under Cheibriados
  4448 | D:5      | Reached skill level 8 in Fighting
  4460 | D:5      | Identified the +0 helmet of Time Monsters {Harm rC+ Str-2
                  | Slay+2}
  4777 | D:6      | Reached skill level 5 in Maces & Flails
  4777 | D:6      | Reached skill level 5 in Dodging
  4860 | D:6      | Reached skill level 5 in Throwing
  4883 | D:6      | Identified a scroll of acquirement
  4884 | D:6      | Acquired the amulet "Ximmuath" {Acrobat rF+}
  4989 | D:6      | Reached XP level 9. HP: 97/97 MP: 9/9
  5061 | D:6      | Found a staircase to the Ecumenical Temple.
  5090 | Temple   | Entered the Ecumenical Temple
  5348 | D:6      | Reached skill level 9 in Fighting
  5349 | D:6      | Reached ** piety under Cheibriados
  5461 | D:6      | Found a white marble altar of Elyvilon.
  6374 | D:7      | Reached skill level 10 in Fighting
  6616 | D:7      | Identified the orb of Courage {mayhem, rElec}
  6620 | D:7      | Reached skill level 1 in Invocations
  6805 | D:7      | Noticed Prince Ribbit
  6821 | D:7      | Killed Prince Ribbit
  6822 | D:7      | Reached skill level 1 in Stealth
  6900 | D:7      | Identified the staff of Urghustro {Str+7 Conj}
  6985 | D:8      | Noticed Pikel
  7019 | D:8      | Killed Pikel
  7020 | D:8      | Reached skill level 1 in Staves
  7020 | D:8      | Reached XP level 10. HP: 50/111 MP: 11/11
  7033 | D:7      | Reached *** piety under Cheibriados
  7580 | D:8      | Reached skill level 11 in Fighting
  7800 | D:8      | Noticed Grum
  8122 | D:8      | Learned a level 5 spell: Irradiate
  8122 | D:8      | Found an ancient bone altar of Kikubaaqudgha.
  8168 | D:8      | Reached skill level 1 in Spellcasting
  8175 | D:8      | Reached skill level 1 in Conjurations
  8175 | D:8      | Reached skill level 1 in Alchemy
  8440 | D:8      | Killed Grum
  8443 | D:8      | Reached **** piety under Cheibriados
  8934 | D:9      | Reached XP level 11. HP: 57/120 MP: 13/15
  8942 | D:9      | Found a staircase to the Lair.
  9321 | D:9      | Found a staircase to the Orcish Mines.
  9763 | D:9      | Found Keon's Magic Scroll Boutique.
  9771 | D:9      | Bought a scroll of butterflies for 56 gold pieces
  9771 | D:9      | Bought a scroll of teleportation for 42 gold pieces
  9771 | D:9      | Bought a scroll of fear for 56 gold pieces
 10036 | D:10     | Entered Level 10 of the Dungeon
 10144 | D:10     | Learned a level 4 spell: Petrify
 10416 | D:10     | Reached ***** piety under Cheibriados
 10553 | D:10     | Learned a level 3 spell: Mephitic Cloud
 10555 | D:10     | Found Giyvvam's Weapon Emporium.
 11252 | D:10     | Noticed a two-headed ogre
 11258 | D:10     | Killed a two-headed ogre
 11259 | D:10     | Reached skill level 1 in Earth Magic
 11738 | D:11     | Noticed a green ugly thing
 11747 | D:11     | Killed a cyan ugly thing
 12129 | D:11     | Noticed a death knight
 12134 | D:11     | Noticed a boulder beetle
 12397 | D:11     | Reached skill level 12 in Fighting
 12397 | D:11     | Reached skill level 5 in Invocations
 12515 | D:11     | Learned a level 4 spell: Dispel Undead
 13038 | D:11     | Killed a death knight
 13039 | D:11     | Reached skill level 5 in Spellcasting
 13039 | D:11     | Reached skill level 1 in Air Magic
 13254 | D:12     | Reached XP level 12. HP: 124/132 MP: 19/19
 13255 | D:12     | Identified the +1 rapier of the Lamprey {flame, Fly Dex+3}
 13789 | D:12     | Found a shimmering blue altar of Sif Muna.
 13813 | D:12     | Got Sif Muna's Parchment of Abominable Rites
 13972 | D:12     | Identified the +0 ring mail "Huusejo" {rF+ rN+ Int+3 Dex-3}
 14211 | D:13     | Noticed a centaur warrior
 14215 | D:13     | Noticed a vault guard
 14229 | D:13     | Killed a centaur warrior
 14231 | D:13     | HP: 3/132 [vault guard/+0 great sword (15)]
 14241 | D:13     | Killed a vault guard
 14310 | D:13     | Noticed a vault guard
 14456 | D:13     | Killed a vault guard
 14546 | D:13     | Found a gate to the Vaults.
 14613 | D:13     | Noticed a centaur warrior
 14625 | D:13     | Killed a centaur warrior
 14631 | D:13     | Noticed a vault guard
 14654 | D:13     | Killed a vault guard
 14655 | D:13     | Reached skill level 5 in Conjurations
 14730 | D:13     | Noticed a centaur warrior
 14731 | D:13     | Noticed a vault guard
 14750 | D:13     | Killed a vault guard
 14764 | D:13     | Reached skill level 5 in Alchemy
 14913 | D:13     | Killed a centaur warrior
 14970 | D:13     | Noticed a vault guard
 14975 | D:13     | Killed a vault guard
 15045 | D:13     | Noticed a vault guard
 15047 | D:13     | Noticed a vault guard
 15057 | D:13     | HP: 4/133 [vault guard/+3 battleaxe (16)]
 15059 | D:13     | Slain by a vault guard

Illustrated notes

Levels and vault maps discovered:
D:1:      psy_arrival_dodecagon, layout_basic, hangedman_decor_push,
          serial_bayou_crossing
D:2:      minmay_general_purpose_star, layout_basic, basic_altar, uniq_sigmund
D:3:      minmay_inner_zag, layout_loops_corners, slow_altar_2,
          ebering_ghost_sewer_d, basic_ecumenical_altar,
          nicolae_elevator_lobby_asterisk
D:4:      layout_basic, ebering_ghost_reflecting_pool, hangedman_decor_riveting,
          grunt_ministairs_12, minmay_increasing_density
D:5:      layout_basic, mainiacjoe_overflow_cross_hatched
D:6:      layout_basic, elyvilon_altar_4, minmay_temple_entry_overgrown
D:7:      layout_gridville, chequers_ossuary_entry_cave, uniq_prince_ribbit1
D:8:      layout_cave_pools, tgw_kikubaaqudgha, lightli_minifort, uniq_grum,
          uniq_pikel
D:9:      layout_irregular_city, hellmonk_lair_entry_icy, orc_0_dummy,
          serial_shops, shop, nicolae_tricolors
D:10:     layout_layer_cave, serial_shops, nicolae_shop_tiny_statue_garden
D:11:     layout_roguey [special_room_orc]
D:12:     layout_irregular_city, led_sif_book
D:13:     layout_cave_pools, erik_vaults_2, dreamdust_mushroom_princess
Temple:   nicolae_temple_two_arcs

Skill      XL: |  1  2  3  4  5  6  7  8  9 10 11 12 |
---------------+-------------------------------------+-----
Fighting       | 3 4 6 8 10 11 12 | 12.5
Dodging        | 3 4 5 6 7 |  7.4
Axes           | 4 |  4.0
Throwing       | 3 4 5 6 |  6.5
Maces & Flails | 2 3 5 6 |  6.8
Invocations    | 2 4 5 6 |  6.0
Stealth        | 1 2 3 4 |  4.1
Staves         | 1 2 3 |  3.1
Spellcasting   | 2 5 6 |  6.4
Conjurations   | 2 4 5 |  5.4
Alchemy        | 2 4 5 |  5.2
Earth Magic    | 2 4 |  4.1
Air Magic      | 1 3 |  3.4

Action                     |  1- 3 |  4- 6 |  7- 9 | 10-12 || total
---------------------------+-------+-------+-------+-------++-------
  Melee: War axe           |    78 |    22 |       |       ||   100
         Headbutt          |     8 |    15 |    87 |   214 ||   324
         Punch             |     3 |     1 |       |       ||     4
         Mace              |       |    88 |   318 |   490 ||   896
         Staff             |       |       |    31 |    36 ||    67
         Morningstar       |       |       |       |    64 ||    64
  Throw: Throwing net      |     2 |     1 |       |     2 ||     5
         Large rock        |       |       |       |    15 ||    15
   Cast: Mephitic Cloud    |       |       |       |     5 ||     5
         Petrify           |       |       |       |     5 ||     5
         Dispel Undead     |       |       |       |     1 ||     1
 Invoke: Temporal Distorti |       |       |       |     1 ||     1
         Bend Time         |       |       |       |     3 ||     3
  Evoke: Wand              |       |       |     1 |     2 ||     3
    Use: Scroll            |     3 |     6 |    13 |    11 ||    33
         Potion            |       |     6 |       |     9 ||    15
   Stab: Confused          |       |       |       |     4 ||     4
         Petrified         |       |       |       |     5 ||     5
 Armour: Robe              |    58 |   114 |   333 |   612 ||  1117
         Skin              |       |       |     2 |       ||     2
  Dodge: Dodged            |    55 |    69 |   321 |   661 ||  1106

Table legend: (Time is in decaauts)
 A = Elapsed time spent in this place.
 B = Non-inter-level travel time spent in this place.
 C = Inter-level travel time spent in this place.
 D = Time resting spent in this place.
 E = Time spent auto-exploring this place.
 F = Levels seen in this place.
 G = Mean time per level.
                   A        B        C        D        E       F      G
               +--------+--------+--------+--------+--------+-----+--------+
         Total |  19003 |  18212 |    791 |    671 |  12761 |  14 | 1357.4 |
       Dungeon |  18978 |  18187 |    791 |    671 |  12761 |  13 | 1459.8 |
        Temple |     24 |     24 |      0 |      0 |      0 |   1 |   24.0 |
               +--------+--------+--------+--------+--------+-----+--------+

Top non-repeatable levels by time:
    D:10: 2201 daAuts
     D:8: 2074 daAuts
    D:11: 2070 daAuts
     D:7: 1811 daAuts
     D:6: 1658 daAuts
    D:12: 1604 daAuts
     D:5: 1443 daAuts
     D:9: 1380 daAuts
     D:3: 1165 daAuts
    D:13: 1021 daAuts
     D:1: 947 daAuts
     D:4: 824 daAuts
     D:2: 775 daAuts
  Temple: 24 daAuts
